 Dungeon Crawl Stone Soup version 0.17.0-56-gd8de76c (console) character file.

420 Kloppie the Digger (level 6, -2/49 HPs)
             Began as a Deep Dwarf Earth Elementalist on Dec 6, 2015.
             Slain by Peloso's ghost (10 damage)
             ... on level 5 of the Dungeon.
             The game lasted 00:11:58 (4101 turns).

Kloppie the Digger (Deep Dwarf Earth Elementalist)  Turns: 4101, Time: 00:11:58

Health: -2/49      AC:  5    Str: 12    XL:     6   Next: 62%
Magic:  2/12       EV: 12    Int: 17    God:
Gold:   162        SH:  0    Dex: 13    Spells: 4 memorised, 1 level left

rFire  . . .     SeeInvis .     b - 141 stones
rCold  . . .     Clarity  .     j - +0 robe
rNeg   . . .     SustAt   .     (no shield)
rPois  .         Gourm    .     (no helmet)
rElec  .         Spirit   .     (no cloak)
rCorr  .         Warding  .     (no gloves)
rMut   .         Stasis   .     k - +0 pair of boots
MR     .....                    (no amulet)
Stlth  ++........               (no ring)
                                (no ring)

@: stone skin, non-regenerating, not resistant to hostile enchantments,
unstealthy
A: damage resistance, recharge devices, sense surroundings 1, slow regeneration
3
a: Device Recharging


You were on level 5 of the Dungeon.
You were not hungry.

You visited 1 branch of the dungeon, and saw 5 of its levels.

You collected 162 gold pieces.

Inventory:

Hand Weapons
 a - a +0 long sword
 i - a +0 spear
Missiles
 b - 141 stones (in hand)
Armour
 j - a +0 robe (worn)
 k - a +0 pair of boots (worn)
Wands
 d - a wand of heal wounds (5)
Scrolls
 f - a scroll of random uselessness {unknown}
 l - a scroll of amnesia
 n - a scroll of identify
 q - a scroll of enchant armour {unknown}
 r - a scroll of immolation {unknown}
 u - a scroll of magic mapping {unknown}
 w - a scroll of blinking {unknown}
Potions
 m - a potion of degeneration
 p - 2 potions of might
 s - a potion of ambrosia {unknown}
 t - a potion of poison {unknown}
 v - a potion of flight {unknown}
 x - a potion of lignification {unknown}
 z - a potion of cure mutation {unknown}
Books
 c - a book of Geomancy

   Spells                             Type                      Level
   a - Sandblast                      Earth                        1
   b - Stoneskin                      Transmutation/Earth          2
   c - Passwall                       Transmutation/Earth          3
   d - Stone Arrow                    Conjuration/Earth            3
   e - Petrify                        Transmutation/Earth          4
   f - Lee's Rapid Deconstruction     Earth                        5
Comestibles
 e - 2 bread rations
 g - 3 beef jerkies
 h - a chunk of flesh
 o - 3 slices of pizza


   Skills:
 - Level 2.1 Dodging
 - Level 2.4 Stealth
 - Level 4.4 Spellcasting
 + Level 0.8 Transmutations
 + Level 7.5 Earth Magic


You had one spell level left.
You knew the following spells:

 Your Spells              Type           Power        Failure   Level  Hunger
a - Sandblast             Erth           ####..       1%          1    None
b - Stoneskin             Trmt/Erth      ###.....     4%          2    ##.....
c - Petrify               Trmt/Erth      ###.....     30%         4    ####...
d - Lee's Rapid Deconstr  Erth           ####......   21%         5    ######.


Dungeon Overview and Level Annotations

Branches:
Dungeon (5/15)
 Temple: D:4-7

Altars:
Elyvilon
Okawaru
Qazlal
Ru

Annotations:
D:3 Kloppie's ghost, amateur FoHu
D:4 Grinder; themokujin's ghost, amateur DECj
D:5 Peloso's ghost, novice MiFi


Innate Abilities, Weirdness & Mutations

You are resistant to damage.
You can recharge devices by infusing magical energy.
You passively map a small area around you.
You do not regenerate naturally.


Message History

The quokka zombie closely misses you. Peloso's ghost hits you!
* * * LOW HITPOINT WARNING * * *
Casting: Sandblast
Confirm with . or Enter, or press ? or * to list all spells.
Aiming: Sandblast
Press: ? - help, Shift-Dir - straight line, f/p - Peloso's ghost
Aim: Peloso's ghost (heavily damaged)
The rocky blast hits Peloso's ghost.
Peloso's ghost is heavily damaged.
The quokka zombie bites you but does no damage.
Peloso's ghost hits you!
* * * LOW HITPOINT WARNING * * *
Casting: Sandblast
Confirm with . or Enter, or press ? or * to list all spells.
Aiming: Sandblast
Press: ? - help, Shift-Dir - straight line, f/p - Peloso's ghost
Aim: Peloso's ghost (heavily damaged)
The rocky blast misses Peloso's ghost.
The quokka zombie closely misses you. The iguana barely misses you.
Peloso's ghost hits you!
You die...

###..## ##...## #>..#
......#### ##.....####.###
##.......######...........#
#..##..................####
#.##......##............####
................<...........#
............................#
...<............Zl............
....^......#....@W..........#.
####..(#####....##.##.....###
#§§§# ##.####.#........, #§§§#
#. # *#....!....# #§§§# #
**...Z......# ####...# * ,
.......... §.§..$$. ....... ,
. §§§.$.$. ........ §§§.$. , ,
, ,


You could see an iguana, Peloso's ghost and a quokka zombie.

Vanquished Creatures
  2 centaurs (D:5)
  A giant frog zombie (D:5)
  2 orc wizards (D:3)
  An orc priest (D:5)
  A worker ant (D:5)
  A hound skeleton (D:5)
  3 adders (D:2)
  An ooze (D:2)
  A worm (D:2)
  6 orcs
  10 bats
  4 giant cockroaches
  10 goblins
  8 hobgoblins
  5 jackals
  3 quokkas (D:2)
  A ball python (D:4)
  2 giant geckos
  A giant newt (D:1)
  5 kobolds
  9 rats
  A plant (D:1)
78 creatures vanquished.

Vanquished Creatures (others)
  A worker ant (D:5)
  An orc (D:5)
  3 bats (D:2)
  A giant cockroach (D:2)
6 creatures vanquished.

Grand Total: 84 creatures vanquished

Notes
Turn   | Place    | Note
--------------------------------------------------------------
     0 | D:1      | Kloppie the Deep Dwarf Earth Elementalist began the quest for the Orb.
     0 | D:1      | Reached XP level 1. HP: 15/15 MP: 3/3
   620 | D:1      | Reached XP level 2. HP: 20/22 MP: 3/5
  1268 | D:2      | Reached XP level 3. HP: 22/28 MP: 3/6
  1427 | D:2      | Reached skill level 5 in Earth Magic
  1695 | D:2      | Found a white marble altar of Elyvilon.
  1917 | D:2      | Reached XP level 4. HP: 21/36 MP: 0/8
  2628 | D:3      | Learned a level 2 spell: Stoneskin
  3002 | D:3      | Noticed an air elemental
  3003 | D:3      | Found a stormy altar of Qazlal.
  3049 | D:3      | Reached skill level 6 in Earth Magic
  3049 | D:3      | Reached XP level 5. HP: 35/42 MP: 4/10
  3066 | D:3      | Found an iron altar of Okawaru.
  3066 | D:3      | Found a sacrificial altar of Ru.
  3252 | D:3      | Noticed Kloppie's ghost (amateur FoHu)
  3268 | D:3      | Noticed a water elemental
  3271 | D:3      | Noticed a fire elemental
  3618 | D:4      | Learned a level 4 spell: Petrify
  3623 | D:4      | Noticed Grinder
  3679 | D:4      | Noticed themokujin's ghost (amateur DECj)
  3696 | D:5      | Entered Level 5 of the Dungeon
  3696 | D:5      | Noticed a centaur
  3835 | D:5      | Noticed a centaur
  3842 | D:5      | Killed a centaur
  3842 | D:5      | Reached skill level 7 in Earth Magic
  3842 | D:5      | Reached XP level 6. HP: 26/49 MP: 2/12
  3904 | D:5      | HP: 1/49 [centaur/arrow (12)]
  3905 | D:5      | Killed a centaur
  4042 | D:5      | Noticed Peloso's ghost (novice MiFi)
  4087 | D:5      | Learned a level 5 spell: Lee's Rapid Deconstruction
  4101 | D:5      | Slain by Peloso's ghost

Action                   |  1- 3 |  4- 6 || total
-------------------------+-------+-------++-------
Melee: Unarmed           |   250 |       ||   250
       Club              |    21 |     6 ||    27
       Spear             |       |     5 ||     5
       Long sword        |       |    44 ||    44
 Cast: Sandblast         |    77 |    91 ||   168
       Stoneskin         |       |     1 ||     1
Evoke: Wand              |       |     5 ||     5
  Use: Scroll            |       |     6 ||     6
 Stab: Sleeping          |       |     2 ||     2
  Eat: Chunk             |     5 |     7 ||    12
